[Event "DVM U12w 2024"]
[Site "Bad Homburg"]
[Date "2024.12.28"]
[Round "4"]
[White "Subocz, Barbara"]
[Black "Rutschmann, Polly"]
[Result "1-0"]
[ECO "C01"]
[WhiteElo "1623"]
[BlackElo "1072"]
[Annotator "NA RC"]
[PlyCount "47"]
[EventDate "2024.12.23"]
[EventType "team-tourn"]
[EventRounds "7"]
[EventCountry "GER"]
[SourceTitle "playchess.com"]
[Source "ChessBase"]
[SourceQuality "1"]
[TimeControl "40/5400+30:1800+30"]

1. e4 e6 2. d4 d5 3. exd5 exd5 4. Bd3 Bd6 5. h3 Ne7 6. Nf3 O-O 7. O-O Nbc6 8. Be3 Ng6 9. Nc3 Re8 10. Kh1 Bf4 11. Qd2 Bxe3 12. fxe3 Nh4 13. Qf2 Nxf3 14. Qxf3 Qe7 15. Nxd5 Qd7 16. Bc4 b6 17. Qg3 Qd6 18. Nf6+ Kf8 19. Qxd6+ cxd6 20. Nxe8 Kxe8 21. Bd5 Bb7 22. Rxf7 Nd8 23. Bxb7 Nxf7 24. Bxa8 1-0

[Event "DVM U12w 2024"]
[Site "Bad Homburg"]
[Date "2024.12.28"]
[Round "4"]
[White "Bayer, Klara"]
[Black "Busch, Lara Sophie"]
[Result "1-0"]
[ECO "D43"]
[WhiteElo "1618"]
[BlackElo "1625"]
[Annotator "NA RC"]
[PlyCount "35"]
[EventDate "2024.12.23"]
[EventType "team-tourn"]
[EventRounds "7"]
[EventCountry "GER"]
[SourceTitle "playchess.com"]
[Source "ChessBase"]
[SourceQuality "1"]
[TimeControl "40/5400+30:1800+30"]

1. Nf3 Nf6 2. d4 d5 3. c4 c6 4. Nc3 dxc4 5. Bf4 e6 6. e3 b5 7. Ne5 Bb4 8. a3 Bxc3+ 9. bxc3 Qa5 10. Qd2 Ne4 11. Qc2 Qxc3+ 12. Qxc3 Nxc3 13. Rc1 Nd5 14. g3 f6 15. Nf3 Nd7 16. Bd6 Bb7 17. Be2 a5 18. O-O 1-0

[Event "DVM U12w 2024"]
[Site "Bad Homburg"]
[Date "2024.12.28"]
[Round "4"]
[White "Fruth, Julia"]
[Black "Noennig, Lotte"]
[Result "0-1"]
[ECO "C45"]
[WhiteElo "1614"]
[BlackElo "1635"]
[Annotator "NA RC"]
[PlyCount "55"]
[EventDate "2024.12.23"]
[EventType "team-tourn"]
[EventRounds "7"]
[EventCountry "GER"]
[SourceTitle "playchess.com"]
[Source "ChessBase"]
[SourceQuality "1"]
[TimeControl "40/5400+30:1800+30"]

1. e4 e5 2. Nf3 Nc6 3. d4 exd4 4. Nxd4 Bc5 5. Nf5 Qf6 6. Nc3 Nge7 7. Ne3 O-O 8. Be2 d6 9. O-O Be6 10. Kh1 Bxe3 11. Bxe3 Rad8 12. Qd2 h6 13. Nd5 Bxd5 14. exd5 Ne5 15. Bd4 Qf5 16. Rae1 Nxd5 17. Bxa7 Nf4 18. Be3 Nxe2 19. Rxe2 Rfe8 20. Rfe1 Re6 21. Bd4 Nf3 22. Qc3 Nxe1 23. Qxe1 Rde8 24. Rxe6 Rxe6 25. Qc3 Qe4 26. h3 Rg6 27. Qf3 Qxd4 28. Qxb7 0-1

[Event "DVM U12w 2024"]
[Site "Bad Homburg"]
[Date "2024.12.28"]
[Round "4"]
[White "Sobczak, Zuzanna"]
[Black "Werner, Amelie"]
[Result "1/2-1/2"]
[ECO "B22"]
[WhiteElo "1598"]
[BlackElo "1525"]
[Annotator "NA RC"]
[PlyCount "78"]
[EventDate "2024.12.23"]
[EventType "team-tourn"]
[EventRounds "7"]
[EventCountry "GER"]
[SourceTitle "playchess.com"]
[Source "ChessBase"]
[SourceQuality "1"]
[TimeControl "40/5400+30:1800+30"]

1. e4 c5 2. c3 d5 3. exd5 Qxd5 4. d4 Bf5 5. Nf3 Nc6 6. Be2 e6 7. Bf4 Nf6 8. Na3 a6 9. Nc4 Qd8 10. O-O b5 11. Nce5 Nxe5 12. Nxe5 Bd6 13. Bf3 Be4 14. Bxe4 Nxe4 15. Qf3 Bxe5 16. Bxe5 Nd2 17. Qc6+ Kf8 18. Qxc5+ Kg8 19. Rfe1 Rc8 20. Qb4 Nc4 21. Rad1 Qd5 22. b3 Nb6 23. Qa5 Qb7 24. a4 bxa4 25. bxa4 Nc4 26. Qb4 Qd5 27. Rd3 f6 28. Bg3 Kf7 29. Rb1 a5 30. Qb7+ Kg6 31. Qxd5 exd5 32. Rb5 Rhd8 33. f3 Kf5 34. Rb7 Kg6 35. f4 h6 36. Bh4 Rg8 37. g4 Rgf8 38. f5+ Kh7 39. Kf2 Rb8 1/2-1/2

[Event "DVM U12w 2024"]
[Site "Bad Homburg"]
[Date "2024.12.28"]
[Round "4"]
[White "Wolf, Helena"]
[Black "Frenzel, Qorianka"]
[Result "1/2-1/2"]
[ECO "C50"]
[WhiteElo "1582"]
[BlackElo "1568"]
[Annotator "NA RC"]
[PlyCount "91"]
[EventDate "2024.12.23"]
[EventType "team-tourn"]
[EventRounds "7"]
[EventCountry "GER"]
[SourceTitle "playchess.com"]
[Source "ChessBase"]
[SourceQuality "1"]
[TimeControl "40/5400+30:1800+30"]

1. e4 e5 2. Nf3 Nc6 3. Bc4 Nf6 4. d3 Bc5 5. O-O d6 6. h3 Ne7 7. c3 Bb6 8. Nbd2 Ng6 9. Re1 O-O 10. Nf1 c6 11. Bb3 h6 12. Ng3 Re8 13. d4 a5 14. Qc2 Qc7 15. Bd2 c5 16. dxe5 Nxe5 17. Nxe5 dxe5 18. Bc4 Bd7 19. Rad1 Ba7 20. a4 Rab8 21. Qb3 Be6 22. Bxe6 Rxe6 23. c4 b6 24. Bc3 Rd8 25. Qc2 Re7 26. Rxd8+ Qxd8 27. Rd1 Rd7 28. Rxd7 Nxd7 29. Qd2 Qc7 30. Qd5 Bb8 31. Nf5 Nf6 32. Qd3 Nh5 33. Bd2 Kf8 34. Qf3 Nf4 35. Bxf4 exf4 36. Qd3 Kg8 37. Qd5 Kf8 38. Kf1 Qc8 39. Nd6 Qd7 40. Nb5 Ke7 41. Nc3 Bd6 42. Nb5 Bb8 43. Qxd7+ Kxd7 44. Ke2 Be5 45. b3 Ke6 46. Kd3 1/2-1/2

[Event "DVM U12w 2024"]
[Site "Bad Homburg"]
[Date "2024.12.28"]
[Round "4"]
[White "Elsayed Esam, Sally"]
[Black "Litvinchuk, Mariia"]
[Result "1-0"]
[ECO "D02"]
[WhiteElo "1563"]
[BlackElo "972"]
[Annotator "NA RC"]
[PlyCount "75"]
[EventDate "2024.12.23"]
[EventType "team-tourn"]
[EventRounds "7"]
[EventCountry "GER"]
[SourceTitle "playchess.com"]
[Source "ChessBase"]
[SourceQuality "1"]
[TimeControl "40/5400+30:1800+30"]

1. d4 d5 2. Nf3 e6 3. Bf4 Nf6 4. e3 Be7 5. Bd3 Nbd7 6. O-O Nf8 7. h3 Ng6 8. Bh2 c5 9. c3 c4 10. Bc2 O-O 11. Nbd2 Bd6 12. Bxd6 Qxd6 13. Bxg6 fxg6 14. Ne5 Nd7 15. Ndf3 Rf5 16. Re1 Nf6 17. g4 Nxg4 18. hxg4 Rf8 19. Kf1 Qe7 20. Ke2 g5 21. Kd2 Bd7 22. Rh1 Rf6 23. Rh3 b5 24. a3 Rb8 25. Qh1 h6 26. Rf1 Rbf8 27. Qh2 a5 28. Nxg5 b4 29. Ngf3 bxa3 30. g5 Rxf3 31. Nxf3 axb2 32. gxh6 e5 33. Rg3 Rf7 34. hxg7 Rxg7 35. Rh1 Kf7 36. Rxg7+ Kxg7 37. Qh7+ Kf6 38. Rh6# 1-0

[Event "DVM U12w 2024"]
[Site "Bad Homburg"]
[Date "2024.12.28"]
[Round "4"]
[White "Kuebart, Ela Marie"]
[Black "Klymenko, Mariia"]
[Result "1/2-1/2"]
[ECO "A80"]
[WhiteElo "1561"]
[BlackElo "1625"]
[Annotator "NA RC"]
[PlyCount "58"]
[EventDate "2024.12.23"]
[EventType "team-tourn"]
[EventRounds "7"]
[EventCountry "GER"]
[SourceTitle "playchess.com"]
[Source "ChessBase"]
[SourceQuality "1"]
[TimeControl "40/5400+30:1800+30"]

1. d4 e6 2. Nf3 f5 3. e3 b6 4. Bd3 Bb7 5. Nbd2 Nf6 6. O-O Bb4 7. c3 Bd6 8. Qc2 O-O 9. Re1 Qe8 10. e4 fxe4 11. Nxe4 Nxe4 12. Bxe4 Bxe4 13. Qxe4 Nc6 14. d5 exd5 15. Qxd5+ Qf7 16. Qxf7+ Rxf7 17. Be3 h6 18. Rad1 Re8 19. Nd4 Nxd4 20. Bxd4 Rfe7 21. Rxe7 Rxe7 22. Be3 Kf7 23. Kf1 Kg6 24. g3 Kf5 25. Kg2 g5 26. Rd5+ Re5 27. Rxe5+ Bxe5 28. f3 c5 29. g4+ Kf6 1/2-1/2

[Event "DVM U12w 2024"]
[Site "Bad Homburg"]
[Date "2024.12.28"]
[Round "4"]
[White "Winkler, Frida"]
[Black "Hendler, Felicitas"]
[Result "1-0"]
[ECO "B72"]
[WhiteElo "1555"]
[BlackElo "1610"]
[Annotator "NA RC"]
[PlyCount "41"]
[EventDate "2024.12.23"]
[EventType "team-tourn"]
[EventRounds "7"]
[EventCountry "GER"]
[SourceTitle "playchess.com"]
[Source "ChessBase"]
[SourceQuality "1"]
[TimeControl "40/5400+30:1800+30"]

1. e4 c5 2. Nf3 d6 3. d4 cxd4 4. Nxd4 Nf6 5. Nc3 g6 6. f4 Nc6 7. Be2 Bg7 8. Be3 O-O 9. Qd2 e6 10. O-O-O a5 11. Nxc6 bxc6 12. Qxd6 Bb7 13. Qc5 Qc7 14. e5 Nd5 15. Nxd5 exd5 16. Rxd5 Rfe8 17. Rhd1 Bf8 18. Qc3 Bb4 19. Rd7 Qc8 20. Qb3 c5 21. Qxf7+ 1-0

[Event "DVM U12w 2024"]
[Site "Bad Homburg"]
[Date "2024.12.28"]
[Round "4"]
[White "Ramien, Eva"]
[Black "Xu, Dorothea Sicheng"]
[Result "1/2-1/2"]
[ECO "C55"]
[WhiteElo "1542"]
[BlackElo "1585"]
[Annotator "NA RC"]
[PlyCount "92"]
[EventDate "2024.12.23"]
[EventType "team-tourn"]
[EventRounds "7"]
[EventCountry "GER"]
[SourceTitle "playchess.com"]
[Source "ChessBase"]
[SourceQuality "1"]
[TimeControl "40/5400+30:1800+30"]

1. e4 e5 2. Nf3 Nc6 3. Bc4 Nf6 4. d3 Be7 5. O-O O-O 6. h3 d5 7. exd5 Nxd5 8. Re1 Bf6 9. Nbd2 Re8 10. Bb5 Bf5 11. Bxc6 bxc6 12. Nc4 e4 13. dxe4 Bxe4 14. Ncd2 Bxf3 15. Rxe8+ Qxe8 16. Nxf3 h6 17. c3 Rb8 18. Qc2 Qe6 19. Bd2 a6 20. Re1 Qd7 21. Bc1 c5 22. Rd1 Qc6 23. Qe4 Rd8 24. c4 Nb4 25. Rxd8+ Bxd8 26. Qxc6 Nxc6 27. Be3 Be7 28. b3 f5 29. Bf4 Bd6 30. Be3 Kf7 31. Kf1 Nb4 32. a3 Nc2 33. Bc1 Nd4 34. Nxd4 cxd4 35. Ke2 c5 36. Bd2 Ke6 37. Kd3 g5 38. g3 Ke5 39. f4+ Kf6 40. fxg5+ hxg5 41. Be1 Ke5 42. b4 Be7 43. bxc5 Bxc5 44. a4 f4 45. gxf4+ Kxf4 46. Bd2+ Kf5 1/2-1/2

[Event "DVM U12w 2024"]
[Site "Bad Homburg"]
[Date "2024.12.28"]
[Round "4"]
[White "Feldhaus, Lena"]
[Black "Mersmann, Jasmin"]
[Result "1/2-1/2"]
[ECO "D00"]
[WhiteElo "1539"]
[BlackElo "1527"]
[Annotator "NA RC"]
[PlyCount "43"]
[EventDate "2024.12.23"]
[EventType "team-tourn"]
[EventRounds "7"]
[EventCountry "GER"]
[SourceTitle "playchess.com"]
[Source "ChessBase"]
[SourceQuality "1"]
[TimeControl "40/5400+30:1800+30"]

1. d4 d5 2. Nc3 Nf6 3. Bf4 c6 4. f3 Bf5 5. Qd2 e6 6. O-O-O Bd6 7. g4 Bg6 8. h4 Bxf4 9. Qxf4 h5 10. g5 Ng8 11. e4 Ne7 12. Nge2 Nd7 13. Bh3 Nb6 14. Rhe1 O-O 15. Qe3 Nc4 16. Qf2 Qc7 17. b3 Nb6 18. Qg3 Qxg3 19. Nxg3 a5 20. Nge2 a4 21. b4 Nc4 22. Nf4 1/2-1/2

[Event "DVM U12w 2024"]
[Site "Bad Homburg"]
[Date "2024.12.28"]
[Round "4"]
[White "Huang, Jasmin Shuya"]
[Black "Frydel, Helena"]
[Result "1-0"]
[ECO "B52"]
[WhiteElo "1523"]
[BlackElo "1514"]
[Annotator "NA RC"]
[PlyCount "123"]
[EventDate "2024.12.23"]
[EventType "team-tourn"]
[EventRounds "7"]
[EventCountry "GER"]
[SourceTitle "playchess.com"]
[Source "ChessBase"]
[SourceQuality "1"]
[TimeControl "40/5400+30:1800+30"]

1. e4 c5 2. Nf3 d6 3. Bb5+ Bd7 4. Bxd7+ Qxd7 5. c4 Nf6 6. Nc3 Nc6 7. d4 cxd4 8. Nxd4 Ne5 9. b3 e6 10. f3 Be7 11. Be3 Rc8 12. Rc1 O-O 13. O-O d5 14. exd5 exd5 15. cxd5 Rxc3 16. Rxc3 Nxd5 17. Nf5 Nxc3 18. Qxd7 Nxd7 19. Nxe7+ Kh8 20. Nf5 h6 21. Kf2 a6 22. Nxh6 Nxa2 23. Rd1 Nf6 24. Rd8 Rxd8 25. Nxf7+ Kg8 26. Nxd8 b5 27. Ke2 Nc3+ 28. Kd3 Nfd5 29. Ne6 Kf7 30. Nc5 a5 31. Bd4 Na2 32. Ke4 Nab4 33. h4 g6 34. g4 Ke8 35. f4 Kf7 36. f5 gxf5+ 37. Kxf5 Ne7+ 38. Kg5 Nbc6 39. Bc3 b4 40. Bb2 Nd5 41. h5 Kg8 42. Ne4 Nde7 43. h6 Kh7 44. Nf6+ Kh8 45. Kh5 Ng8 46. Nxg8+ Kxg8 47. g5 Kh7 48. g6+ Kg8 49. h7+ Kf8 50. h8=Q+ Ke7 51. Qf6+ Kd7 52. g7 Ne7 53. Be5 a4 54. Qd6+ Ke8 55. Bf6 Ng8 56. Qf8+ Kd7 57. Qxg8 a3 58. Qa8 Ke6 59. g8=Q+ Kxf6 60. Qc6+ Ke5 61. Qg5+ Kd4 62. Qc4# 1-0

[Event "DVM U12w 2024"]
[Site "Bad Homburg"]
[Date "2024.12.28"]
[Round "4"]
[White "Wolf, Aurelia"]
[Black "Slowik, Anna"]
[Result "1-0"]
[ECO "C24"]
[WhiteElo "1471"]
[BlackElo "1103"]
[Annotator "NA RC"]
[PlyCount "53"]
[EventDate "2024.12.23"]
[EventType "team-tourn"]
[EventRounds "7"]
[EventCountry "GER"]
[SourceTitle "playchess.com"]
[Source "ChessBase"]
[SourceQuality "1"]
[TimeControl "40/5400+30:1800+30"]

1. e4 e5 2. Nf3 Nc6 3. Bc4 Nf6 4. d3 d5 5. exd5 Nxd5 6. c3 Nb6 7. Bb3 Bf5 8. d4 exd4 9. cxd4 Qd7 10. d5 Nb4 11. O-O O-O-O 12. Ne5 Qe7 13. Re1 Qf6 14. Nc3 Re8 15. Nf3 Bd6 16. Bg5 Qg6 17. Qd2 Bc2 18. Rxe8+ Rxe8 19. Re1 Rxe1+ 20. Qxe1 f6 21. Qe6+ Kd8 22. Bh4 Bxb3 23. axb3 Qc2 24. Qg8+ Kd7 25. Qxg7+ Be7 26. Ne5+ Ke8 27. Qf7+ 1-0

[Event "DVM U12w 2024"]
[Site "Bad Homburg"]
[Date "2024.12.28"]
[Round "4"]
[White "Helbig, Frieda"]
[Black "Subocz, Emma"]
[Result "0-1"]
[ECO "B21"]
[WhiteElo "1443"]
[BlackElo "1106"]
[Annotator "NA RC"]
[PlyCount "100"]
[EventDate "2024.12.23"]
[EventType "team-tourn"]
[EventRounds "7"]
[EventCountry "GER"]
[SourceTitle "playchess.com"]
[Source "ChessBase"]
[SourceQuality "1"]
[TimeControl "40/5400+30:1800+30"]

1. e4 c5 2. d4 cxd4 3. c3 dxc3 4. Nxc3 d6 5. Bc4 Nc6 6. Nf3 Nf6 7. e5 dxe5 8. Qxd8+ Kxd8 9. Ng5 Kc7 10. Nb5+ Kb6 11. Be3+ Ka5 12. a3 e6 13. b4+ Nxb4 14. axb4+ Kxb4 15. Rc1 Bd7 16. Bd2+ Kc5 17. Bxe6+ Kxb5 18. Bxd7+ Nxd7 19. O-O f6 20. Ne4 Nc5 21. Rb1+ Kc6 22. Rfc1 b6 23. Be3 Be7 24. Rc2 Rhd8 25. h3 h6 26. Rbc1 Rd5 27. Nc3 Rd3 28. Na4 Rad8 29. Nxc5 Rd1+ 30. Rxd1 Rxd1+ 31. Kh2 Bxc5 32. Ra2 Bxe3 33. fxe3 Kb7 34. Rc2 Rd7 35. e4 a5 36. Ra2 Ka6 37. Rc2 Rb7 38. Rc8 b5 39. Rc6+ Rb6 40. Rc8 b4 41. Ra8+ Kb5 42. Rc8 a4 43. Rc7 a3 44. Rxg7 a2 45. Rg6 a1=Q 46. Rxh6 Qc1 47. Rg6 Rc6 48. h4 Qf4+ 49. Kh3 Rc3+ 50. Rg3 Qxg3# 0-1

[Event "DVM U12w 2024"]
[Site "Bad Homburg"]
[Date "2024.12.28"]
[Round "4"]
[White "Doescher, Nayla"]
[Black "Glotz, Katharina"]
[Result "1/2-1/2"]
[ECO "B30"]
[WhiteElo "1437"]
[BlackElo "1656"]
[Annotator "NA RC"]
[PlyCount "114"]
[EventDate "2024.12.23"]
[EventType "team-tourn"]
[EventRounds "7"]
[EventCountry "GER"]
[SourceTitle "playchess.com"]
[Source "ChessBase"]
[SourceQuality "1"]
[TimeControl "40/5400+30:1800+30"]

1. e4 c5 2. Nf3 Nc6 3. Bb5 e6 4. Bxc6 bxc6 5. O-O d5 6. e5 Ne7 7. Nc3 Ba6 8. Re1 Nc8 9. d3 Be7 10. Bd2 O-O 11. h3 Nb6 12. Nh2 Qc8 13. Qg4 Kh8 14. Rad1 c4 15. d4 c5 16. Bg5 Qd8 17. Bxe7 Qxe7 18. Nf3 Bb7 19. Nh2 a5 20. a3 Bc6 21. b3 cxb3 22. cxb3 c4 23. bxc4 Nxc4 24. a4 Qb4 25. Ne2 Qxa4 26. Nf4 Qb3 27. Rb1 Qa3 28. Nh5 Rg8 29. Nf3 a4 30. Qh4 Qf8 31. Qf4 Qe7 32. Rec1 a3 33. Nd2 a2 34. Ra1 Bb5 35. Rc2 Nxd2 36. Qxd2 Bc4 37. Nf4 Ra3 38. Ne2 Rd3 39. Qa5 Qa3 40. Qc7 Rf8 41. Qb6 Rb3 42. Qd6 Qxd6 43. exd6 Rb1+ 44. Rc1 Bd3 45. Rxa2 Rxc1+ 46. Nxc1 Bc4 47. Ra7 Kg8 48. Rb7 Rd8 49. Rb6 Kf8 50. f3 f6 51. f4 h6 52. Kf2 g5 53. g3 Rd7 54. Rc6 Bb5 55. Rb6 Ba4 56. Nd3 Bc2 57. Nc5 Ra7 1/2-1/2

[Event "DVM U12w 2024"]
[Site "Bad Homburg"]
[Date "2024.12.28"]
[Round "4"]
[White "Winkler, Anni"]
[Black "Kuznetsova, Sofia"]
[Result "1-0"]
[ECO "D07"]
[WhiteElo "1404"]
[BlackElo "926"]
[Annotator "NA RC"]
[PlyCount "57"]
[EventDate "2024.12.23"]
[EventType "team-tourn"]
[EventRounds "7"]
[EventCountry "GER"]
[SourceTitle "playchess.com"]
[Source "ChessBase"]
[SourceQuality "1"]
[TimeControl "40/5400+30:1800+30"]

1. d4 d5 2. Nf3 Nc6 3. c4 e6 4. Nc3 dxc4 5. Bf4 a6 6. a4 Bb4 7. e4 Nf6 8. e5 Ne4 9. Qc2 Nxc3 10. bxc3 Be7 11. Bxc4 O-O 12. O-O h6 13. Rad1 Na5 14. Ba2 c6 15. Bb1 f5 16. c4 b5 17. cxb5 axb5 18. axb5 cxb5 19. Ba2 Qd7 20. d5 Kh8 21. dxe6 Qc6 22. Qb1 Rb8 23. Rc1 Qb6 24. Be3 Qa6 25. Nd4 f4 26. Bd2 Qb6 27. Bxa5 Qxd4 28. Rfd1 Qxe5 29. Bc7 1-0

[Event "DVM U12w 2024"]
[Site "Bad Homburg"]
[Date "2024.12.28"]
[Round "4"]
[White "Ulianova, Anna"]
[Black "Seyedfakhari, Elena"]
[Result "1-0"]
[ECO "C31"]
[WhiteElo "1267"]
[BlackElo "986"]
[Annotator "NA RC"]
[PlyCount "67"]
[EventDate "2024.12.23"]
[EventType "team-tourn"]
[EventRounds "7"]
[EventCountry "GER"]
[SourceTitle "playchess.com"]
[Source "ChessBase"]
[SourceQuality "1"]
[TimeControl "40/5400+30:1800+30"]

1. e4 e5 2. f4 d5 3. exd5 Qxd5 4. Nc3 Qc6 5. Bb5 Bd7 6. Bxc6 Bxc6 7. Nf3 Nd7 8. O-O Bc5+ 9. Kh1 Ngf6 10. fxe5 Ng4 11. d4 Bb6 12. h3 Bxf3 13. Qxf3 Nh6 14. Bxh6 gxh6 15. Qxf7+ Kd8 16. Nd5 Bxd4 17. Qe7+ Kc8 18. e6 b6 19. Qxd7+ Kb7 20. Qxc7+ Ka6 21. Nb4+ Kb5 22. Rf5+ Ka4 23. b3+ Ka3 24. Qf4 Bxa1 25. Qc1+ Bb2 26. Qf4 Rad8 27. Nc6 Rd1+ 28. Kh2 Bc3 29. Qxh6 Bd2 30. Qg7 Bc3 31. Qxc3 Rg8 32. Rf4 Kxa2 33. Ra4+ Kb1 34. Ra1# 1-0

[Event "DVM U12w 2024"]
[Site "Bad Homburg"]
[Date "2024.12.28"]
[Round "4"]
[White "Ising, Svea"]
[Black "Lange, Lene Marie"]
[Result "1-0"]
[ECO "C42"]
[WhiteElo "1221"]
[BlackElo "1501"]
[Annotator "NA RC"]
[PlyCount "38"]
[EventDate "2024.12.23"]
[EventType "team-tourn"]
[EventRounds "7"]
[EventCountry "GER"]
[SourceTitle "playchess.com"]
[Source "ChessBase"]
[SourceQuality "1"]
[TimeControl "40/5400+30:1800+30"]

1. e4 e5 2. Nf3 Nf6 3. Nxe5 d6 4. Nf3 Nxe4 5. d4 d5 6. Bd3 Nf6 7. Bf4 Nc6 8. h3 Bd6 9. Bg5 Be7 10. Qe2 O-O 11. O-O Re8 12. Re1 Be6 13. Nc3 a6 14. Qe3 Qd6 15. Nh4 Qb4 16. Nf5 Bxf5 17. Bxf6 Bxd3 18. Nxd5 Qd6 19. Nxe7+ Kf8 1-0

[Event "DVM U12w 2024"]
[Site "Bad Homburg"]
[Date "2024.12.28"]
[Round "4"]
[White "Reuber, Ella"]
[Black "Albrecht, Sidney Jenna"]
[Result "1/2-1/2"]
[ECO "E91"]
[WhiteElo "1188"]
[BlackElo "1483"]
[Annotator "NA RC"]
[PlyCount "41"]
[EventDate "2024.12.23"]
[EventType "team-tourn"]
[EventRounds "7"]
[EventCountry "GER"]
[SourceTitle "playchess.com"]
[Source "ChessBase"]
[SourceQuality "1"]
[TimeControl "40/5400+30:1800+30"]

1. d4 Nf6 2. c4 g6 3. Nc3 Bg7 4. e4 d6 5. Be2 O-O 6. Nf3 Nbd7 7. O-O c5 8. d5 h6 9. h3 Qe8 10. Be3 b6 11. Qd2 Kh7 12. Bd3 e5 13. Nb5 Qe7 14. a3 a6 15. Nc3 g5 16. Rab1 Nh5 17. b4 Nf4 18. Bxf4 exf4 19. Rfe1 Kh8 20. Bc2 Ne5 21. Nxe5 1/2-1/2

[Event "DVM U12w 2024"]
[Site "Bad Homburg"]
[Date "2024.12.28"]
[Round "4"]
[White "Andreeva, Katharina"]
[Black "Briese, Sophie"]
[Result "1/2-1/2"]
[ECO "B21"]
[WhiteElo "1164"]
[BlackElo "1465"]
[Annotator "NA RC"]
[PlyCount "54"]
[EventDate "2024.12.23"]
[EventType "team-tourn"]
[EventRounds "7"]
[EventCountry "GER"]
[SourceTitle "playchess.com"]
[Source "ChessBase"]
[SourceQuality "1"]
[TimeControl "40/5400+30:1800+30"]

1. e4 c5 2. d4 cxd4 3. c3 d3 4. Bxd3 Nc6 5. Nf3 g6 6. O-O Bg7 7. Bf4 d6 8. Nbd2 Nf6 9. Re1 O-O 10. Nc4 Bd7 11. e5 dxe5 12. Nfxe5 Nxe5 13. Nxe5 Rc8 14. Nxd7 Qxd7 15. Qe2 a6 16. Rad1 Qa4 17. Bg3 e6 18. a3 Rfd8 19. Bc2 Qc6 20. Rxd8+ Rxd8 21. Rd1 Rxd1+ 22. Qxd1 h6 23. Qd6 Qb5 24. b4 Qe2 25. Qd1 Qc4 26. Be5 Qa2 27. a4 Qc4 1/2-1/2

[Event "DVM U12w 2024"]
[Site "Bad Homburg"]
[Date "2024.12.28"]
[Round "4"]
[White "Mandziuk, Varvara"]
[Black "Suryaprakash, Smrithi"]
[Result "0-1"]
[ECO "B22"]
[WhiteElo "1160"]
[BlackElo "1527"]
[Annotator "NA RC"]
[PlyCount "90"]
[EventDate "2024.12.23"]
[EventType "team-tourn"]
[EventRounds "7"]
[EventCountry "GER"]
[SourceTitle "playchess.com"]
[Source "ChessBase"]
[SourceQuality "1"]
[TimeControl "40/5400+30:1800+30"]

1. e4 c5 2. c3 Nf6 3. e5 Nd5 4. d4 cxd4 5. cxd4 d6 6. Nf3 Nc6 7. Bc4 e6 8. O-O Be7 9. Nc3 Nxc3 10. bxc3 dxe5 11. dxe5 Qc7 12. Bf4 O-O 13. Qe2 a6 14. a4 Rd8 15. Rad1 Bd7 16. Qc2 h6 17. Ba2 Nb4 18. Qb3 Nxa2 19. Qxa2 Qxc3 20. Rc1 Qb4 21. Rc4 Qa3 22. Qxa3 Bxa3 23. Rd1 Bxa4 24. Ra1 b5 25. Rc7 b4 26. Nd2 Bb5 27. Nb3 Rac8 28. Rxc8 Rxc8 29. f3 Ba4 30. Rb1 Bxb3 31. Rxb3 Rc3 32. Rb1 a5 33. Kf2 a4 34. Bd2 Rc2 35. Ke3 b3 36. Kd3 Bc5 37. Bc3 Rxg2 38. h4 Rf2 39. Bb2 Rxf3+ 40. Kd2 a3 41. Ba1 b2 42. Bxb2 axb2 43. Rxb2 Rf2+ 44. Kc1 Ba3 45. Kb1 Rxb2+ 0-1

[Event "DVM U12w 2024"]
[Site "Bad Homburg"]
[Date "2024.12.28"]
[Round "4"]
[White "Du, Vivian"]
[Black "Ruddat, Maila"]
[Result "0-1"]
[ECO "C50"]
[WhiteElo "1144"]
[BlackElo "1486"]
[Annotator "NA RC"]
[PlyCount "44"]
[EventDate "2024.12.23"]
[EventType "team-tourn"]
[EventRounds "7"]
[EventCountry "GER"]
[SourceTitle "playchess.com"]
[Source "ChessBase"]
[SourceQuality "1"]
[TimeControl "40/5400+30:1800+30"]

1. e4 e5 2. Nf3 Nc6 3. Bc4 Nf6 4. d3 Bc5 5. O-O d6 6. h3 Be6 7. Bb3 Qd7 8. Be3 Bb6 9. c3 h6 10. Nbd2 g5 11. Nh2 O-O-O 12. Bxb6 cxb6 13. Qf3 Qe7 14. a4 h5 15. Bxe6+ Qxe6 16. b4 g4 17. hxg4 hxg4 18. Qf5 Rh6 19. Qxe6+ fxe6 20. b5 Ne7 21. a5 Kc7 22. axb6+ axb6 0-1

[Event "DVM U12w 2024"]
[Site "Bad Homburg"]
[Date "2024.12.28"]
[Round "4"]
[White "Weißleder, Emia"]
[Black "Didas, Emma"]
[Result "0-1"]
[ECO "A41"]
[WhiteElo "1118"]
[BlackElo "1456"]
[Annotator "NA"]
[PlyCount "70"]
[EventDate "2024.12.23"]
[EventType "team-tourn"]
[EventRounds "7"]
[EventCountry "GER"]
[SourceTitle "playchess.com"]
[Source "ChessBase"]
[SourceQuality "1"]
[TimeControl "40/5400+30:1800+30"]

1. d4 d6 2. Nc3 Nf6 3. Bf4 g6 4. f3 Bg7 5. g4 c6 6. h4 b5 7. e3 b4 8. Ne4 Nd5 9. Bc4 Nxf4 10. exf4 d5 11. Bd3 dxe4 12. Bxe4 Qxd4 13. Qxd4 Bxd4 14. O-O-O Be3+ 15. Kb1 Bxf4 16. Ne2 Bd6 17. Nd4 Bd7 18. Rhe1 a6 19. Re3 Bc5 20. Red3 O-O 21. h5 Ra7 22. hxg6 fxg6 23. Rh1 a5 24. b3 Bxd4 25. Rxd4 Be6 26. Rhd1 Rd7 27. Bxc6 Rxd4 28. Rxd4 Nxc6 29. Re4 Bd5 30. Re3 Bxf3 31. Re6 Nd4 32. Rxe7 Bxg4 33. c4 bxc3 34. Re4 Rf1+ 35. Re1 Rxe1# 0-1

[Event "DVM U12w 2024"]
[Site "Bad Homburg"]
[Date "2024.12.28"]
[Round "4"]
[White "Scharfenberg, Leah"]
[Black "Lao, Theodora Siyuan"]
[Result "1-0"]
[ECO "C56"]
[WhiteElo "1087"]
[BlackElo "1170"]
[Annotator "NA RC"]
[PlyCount "176"]
[EventDate "2024.12.23"]
[EventType "team-tourn"]
[EventRounds "7"]
[EventCountry "GER"]
[SourceTitle "playchess.com"]
[Source "ChessBase"]
[SourceQuality "1"]
[TimeControl "40/5400+30:1800+30"]

1. e4 e5 2. Nf3 Nc6 3. d4 exd4 4. Bc4 Nf6 5. e5 d5 6. Bb5 Ne4 7. Nxd4 Bd7 8. Bxc6 bxc6 9. O-O Bc5 10. f3 Ng5 11. Be3 Bb6 12. f4 Ne4 13. Nd2 Nxd2 14. Qxd2 c5 15. Nb3 c4 16. Nc5 c6 17. f5 O-O 18. f6 g6 19. Bd4 Kh8 20. Qh6 Rg8 21. Rf3 Bc8 22. Re1 Bf5 23. e6 Qe8 24. Rff1 Bxc5 25. Bxc5 fxe6 26. Bd4 Qf7 27. Rf3 a6 28. Rfe3 Rae8 29. Ra3 Ra8 30. Rf3 a5 31. Rf4 g5 32. Rxf5 exf5 33. Re7 Rg6 34. Rxf7 Rxh6 35. Rc7 Kg8 36. Rxc6 Rg6 37. Rc7 Rf8 38. Rc5 Rd8 39. Rxa5 h5 40. Ra6 Kf7 41. Ra7+ Ke6 42. Ra6+ Kf7 43. Ra7+ Ke8 44. f7+ Kf8 45. Bc5+ Rgd6 46. Bxd6+ Rxd6 47. Kf2 Rf6 48. Ke3 Rxf7 49. Rxf7+ Kxf7 50. Kd4 Ke6 51. a4 Kd6 52. a5 Kc6 53. a6 Kb6 54. a7 Kxa7 55. Kxd5 Kb6 56. Kxc4 Kc6 57. b4 f4 58. Kd4 Kb5 59. Ke5 Kxb4 60. Kf5 Kc3 61. Kxg5 Kxc2 62. Kxf4 Kd3 63. Kg5 Ke4 64. Kxh5 Kf5 65. g4+ Kf6 66. Kh6 Kf7 67. g5 Kg8 68. Kg6 Kf8 69. Kh7 Ke7 70. g6 Ke6 71. g7 Ke5 72. g8=Q Kd4 73. Qe6 Kd3 74. Qe5 Kd2 75. Qe4 Kd1 76. Qe3 Kc2 77. Kg6 Kb2 78. Qd3 Ka2 79. Qc3 Kb1 80. Kf5 Ka2 81. Ke4 Kb1 82. Kd4 Ka2 83. h4 Kb1 84. h5 Ka2 85. h6 Kb1 86. h7 Ka2 87. h8=Q Kb1 88. Qb8+ Ka2 1-0